 Dungeon Crawl Stone Soup version 0.17-a0-1987-gaf5a542 (webtiles) character file.

217 mrath the Ruffian (level 5, -4/41 HPs)
             Began as a Minotaur Transmuter on Oct 6, 2015.
             Slain by an orc wizard
             ... wielding a +0 dagger
              (6 damage)
             ... on level 4 of the Dungeon.
             The game lasted 00:36:43 (3674 turns).

mrath the Ruffian (Minotaur Transmuter)             Turns: 3674, Time: 00:36:43

Health: -4/41      AC:  2    Str: 14    XL:     5   Next: 62%
Magic:  16/16      EV: 12    Int: 11    God:
Gold:   155        SH:  0    Dex: 11    Spells: 3 memorised, 2 levels left

rFire  . . .     SeeInvis .       - Unarmed
rCold  . . .     Clarity  .     b - +0 robe
rNeg   . . .     SustAt   .     (no shield)
rPois  .         Gourm    .     (helmet restricted)
rElec  .         Spirit   .     (no cloak)
rCorr  .         Warding  .     (no gloves)
rMut   .         Stasis   .     (boots currently unavailable)
MR     .....                    (no amulet)
Stlth  +.........               (no ring)
                                w - ring of magical power

@: appendage (expiring), not resistant to hostile enchantments, very unstealthy
A: retaliatory headbutt, horns 2, talons 3
a: End Transformation


You were on level 4 of the Dungeon.
You were not hungry.
You had grown temporary talons.
You visited 1 branch of the dungeon, and saw 4 of its levels.

You collected 155 gold pieces.

Inventory:

Hand Weapons
 g - a +0 whip
 j - a +0 hunting sling
 u - a +0 flail
 C - a +0 dagger of venom
Missiles
 a - 10 arrows
 e - 12 bolts
 i - 19 arrows of dispersal
 o - 44 stones (quivered)
 p - 23 sling bullets
 v - 15 poisoned needles
Armour
 b - a +0 robe (worn)
 s - a +0 scale mail of poison resistance
Jewellery
 w - a ring of magical power (left hand)
Scrolls
 f - 2 scrolls of immolation {unknown}
 h - 4 scrolls of identify {unknown}
 n - a scroll of recharging {unknown}
 q - 4 scrolls of teleportation {unknown}
 y - a scroll of remove curse {unknown}
 D - a scroll of random uselessness {unknown}
Potions
 k - a potion of brilliance {unknown}
 l - 3 potions of curing {unknown}
 x - a potion of degeneration {unknown}
 z - a potion of lignification {unknown}
 A - a potion of mutation {unknown}
Books
 c - a book of Changes

   Spells                             Type                      Level
   a - Beastly Appendage              Transmutation                1
   b - Sticks to Snakes               Transmutation                2
   c - Spider Form                    Transmutation/Poison         3
   d - Ice Form                       Ice/Transmutation            4
   e - Blade Hands                    Transmutation                5
 t - a book of Summonings

   Spells                             Type                      Level
   a - Recall                         Summoning/Translocation      3
   b - Aura of Abjuration             Summoning                    5
   c - Shadow Creatures               Summoning                    5
   d - Summon Demon                   Summoning                    5
   e - Summon Forest                  Summoning/Translocation      5
   f - Summon Mana Viper              Hexes/Summoning              5
Comestibles
 d - 3 bread rations
 m - a meat ration
 B - a chunk of flesh


   Skills:
 - Level 2.2 Fighting
 - Level 2.9 Dodging
 - Level 3.7 Unarmed Combat
 + Level 2.3 Spellcasting
 * Level 3.4 Transmutations


You had 2 spell levels left.
You knew the following spells:

 Your Spells              Type           Power        Failure   Level  Hunger
a - Beastly Appendage     Trmt           #.....       10%         1    ##.....
b - Sticks to Snakes      Trmt           #.........   12%         2    ###....
c - Spider Form           Trmt/Pois      #.........   47%         3    ####...


Dungeon Overview and Level Annotations

Branches:
Dungeon (4/15)
 Temple: D:4-7

Altars:
Ru
Sif Muna


Innate Abilities, Weirdness & Mutations

You reflexively headbutt those who attack you in melee.
You have a pair of horns on your head.
You have claws for feet.


Message History

The orc wizard is lightly wounded.
The orc wizard misses you. The orc hits you with a dagger.
You closely miss the orc wizard. Your kick misses the orc wizard.
The orc wizard is lightly wounded.
The orc wizard barely misses you. The orc barely misses you.
You hit the orc wizard.
You claw the orc wizard, but do no damage.
Your headbutt misses the orc wizard.
The orc wizard is moderately wounded.
The orc wizard hits you with a dagger. The orc hits you with a dagger.
* * * LOW HITPOINT WARNING * * *
You completely miss the orc wizard.
The orc wizard is moderately wounded.
The orc wizard hits you with a dagger.
* * * LOW HITPOINT WARNING * * *
The orc hits you but does no damage.
You hit the orc wizard but do no damage.
The orc wizard is moderately wounded.
The orc wizard hits you with a dagger.
You die...

*,,*****,,*,* *,*,*,*,
*,,*,,,*,,,,* *,,,,,,,
*,,*,∩,*,**,* **,,,⌠,,,
*,,*,,,*,*,,###*********,,,,,,,_
*,,**+**,.,*#..,,,,,,,,,,,,,⌠,,,
*,,,,,,,,.,*#.#**********,,,,,,,
******,***#.*#.# #..,,,,,*,*,*,
,,,* *,* #.##.#####.####*,,,,,,,
**,***h####.#(ho@o......#********
*,,,,h......[o#####.##.# *
****,o####..........##.# * *,**
###.#####..##.# * *,*
#.#####..##.####### * *,*
#.................### *,*
########.######...... *,*
#........##.## *,*
*******#.#########.#


You could see an orc wizard, 2 orcs and a jackal.

Vanquished Creatures
  The ghost of wvc the Sneak, an amateur VSAs (D:3)
  An orc priest (D:3)
  Terence (D:2)
  An orc wizard (D:3)
  An adder (D:2)
  2 worms (D:2)
  A giant gecko (D:1)
  4 orcs (D:3)
  2 ball pythons (D:1)
  7 bats
  4 giant cockroaches
  3 hobgoblins
  A jackal (D:4)
  5 kobolds
  2 quokkas (D:2)
  7 giant newts
  9 goblins
  3 rats
55 creatures vanquished.

Notes
Turn   | Place    | Note
--------------------------------------------------------------
     0 | D:1      | mrath the Minotaur Transmuter began the quest for the Orb.
     0 | D:1      | Reached XP level 1. HP: 16/16 MP: 1/1
    65 | D:1      | Reached XP level 2. HP: 5/23 MP: 1/3
    84 | D:1      | HP: 1/23 [goblin (4)]
   889 | D:1      | Learned a level 2 spell: Sticks to Snakes
   934 | D:2      | Reached XP level 3. HP: 24/29 MP: 4/4
  1671 | D:2      | Noticed Terence
  1687 | D:2      | Killed Terence
  1793 | D:2      | Found a deep blue altar of Sif Muna.
  1825 | D:2      | Reached XP level 4. HP: 36/36 MP: 5/5
  1830 | D:2      | Learned a level 3 spell: Spider Form
  2214 | D:3      | Noticed wvc's ghost (amateur VSAs)
  2470 | D:3      | Found a faded altar to an unknown god.
  2681 | D:3      | Found a sacrificial altar of Ru.
  3041 | D:3      | Reached XP level 5. HP: 9/41 MP: 7/7
  3204 | D:3      | Killed wvc's ghost
  3673 | D:4      | HP: 2/41 [orc wizard/dagger (5)]
  3674 | D:4      | Slain by an orc wizard

Vault maps used:
D:1:      eino_arrival_druids_welcome
D:2:      lemuel_round_altar, minmay_misc_feat_more_columns, uniq_terence
D:3:      first_bread, ecumenical_altar_2, nicolae_ru_sacrificial_ziggurat
D:4:      black_bear_nest_1, overflow_temple_1_default, cheibriados_altar_1,
          okawaru_altar_gauntlet_db, enter_ossuary_2, elyvilon_altar_5,
          uniq_crazy_yiuf_cottage

Action                   |  1- 3 |  4- 6 || total
-------------------------+-------+-------++-------
Melee: Unarmed           |   103 |    56 ||   159
       Whip              |     3 |     1 ||     4
 Fire: Hunting sling     |    19 |    13 ||    32
Throw: Stone             |    10 |     1 ||    11
 Cast: Beastly Appendage |     8 |     3 ||    11
       Sticks to Snakes  |     1 |     1 ||     2
  Use: Scroll            |       |     1 ||     1
  Eat: Bread ration      |     1 |     1 ||     2
       Chunk             |     1 |     1 ||     2
       Beef jerky        |     1 |       ||     1
